 Dungeon Crawl Stone Soup version 0.30-a0-772-g5528072125 (webtiles) character file.

Game seed: 14993500337559836799

393 funkygono the Firebug (level 6, -4/32 HPs)
             Began as a Gargoyle Fire Elementalist on Feb 12, 2023.
             Killed by divine providence
             ... invoked by an orc priest
              (7 damage)
             ... on level 5 of the Dungeon.
             The game lasted 00:04:50 (4169 turns).

funkygono the Firebug (Gargoyle Fire Elementalist)  Turns: 4169, Time: 00:04:51

Health: -4/32      AC:  7    Str: 12    XL:     6   Next: 81%
Magic:  7/12       EV: 12    Int: 17    God:
Gold:   272        SH:  5    Dex: 10    Spells: 3/13 levels left

rFire   . . .      SeeInvis .    f - +1 whip
rCold   . . .      Faith    .    (no shield)
rNeg    + . .      Spirit   .    a - +0 robe
rPois   ∞          Reflect  +    (no helmet)
rElec   +          Harm     .    v - +0 cloak
rCorr   .          Rampage  .    (no gloves)
Will    +....                    (no boots)
Stlth   ++                       m - amulet of reflection
HPRegen 0.25/turn                e - ring of willpower
MPRegen 0.13/turn                (no ring)

@: no status effects
A: sickness immunity, AC +4, negative energy resistance 1, electricity
resistance, torment resistance 1, petrification resistance
a: no special abilities


You were on level 5 of the Dungeon.
You visited 1 branch of the dungeon, and saw 5 of its levels.

You collected 272 gold pieces.

Inventory:

Hand Weapons
 d - a +0 quarterstaff
 f - a +1 whip (weapon)
 u - a +4 quarterstaff of chaos
Armour
 a - a +0 robe (worn)
 c - a +0 leather armour
 v - a +0 cloak (worn)
Jewellery
 e - a ring of willpower (left hand)
 g - a +6 ring of dexterity
 m - an amulet of reflection (around neck)
Scrolls
 l - a scroll of teleportation
Potions
 b - a potion of magic
 h - a potion of resistance
 i - a potion of mutation
 j - a potion of attraction
 o - a potion of heal wounds
 q - a potion of degeneration {unknown}
 t - 2 potions of brilliance


   Skills:
 + Level 0.1 Maces & Flails
 + Level 1.8 Dodging
 - Level 2.1 Stealth
 + Level 4.0 Spellcasting
 + Level 3.5 Conjurations
 + Level 5.2 Fire Magic


You had 3 spell levels left.
You knew the following spells:

 Your Spells              Type           Power      Damage    Failure   Level
a - Foxfire               Conj/Fire      72%        2x1d7     2%          1
b - Scorch                Fire           42%        2d7       2%          2
c - Kindle Blastsparks    Fire/Tloc/Air  18%        2d11      22%         3
d - Flame Wave            Conj/Fire      18%        2d7       26%         4

Your spell library contained the following spells:

 Spells                   Type           Power      Damage    Failure   Level
 Apportation              Tloc           6%         N/A       16%         1
 Sting                    Tmut/Pois      12%        1d3       16%         1
 Inner Flame              Hex/Fire       12%        N/A       16%         3
 Ignite Poison            Fire/Tmut/Pois 9%         N/A       22%         3
 Poisonous Vapours        Pois/Air       6%         N/A       24%         2
 Olgreb's Toxic Radiance  Pois           3%         N/A       83%         4
 Passage of Golubria      Tloc           3%         N/A       83%         4
 Alistair's Intoxication  Tmut/Pois      2%         N/A       99%         5
 Silence                  Hex/Air        1%         N/A       99%         5
 Lehudib's Crystal Spear  Conj/Erth      4%         10d3      100%        8
 Cigotuvi's Dreadful Rot  Necr/Pois/Air  Unusable   N/A       N/A         2

Dungeon Overview and Level Annotations

Branches:
Dungeon (5/15)
 Temple: D:4-7

Altars:


Innate Abilities, Weirdness & Mutations

You are immune to sickness and miasma.
Your stone body is resilient. (AC +4)
You are immune to poison.
You resist negative energy. (rN+)
You are resistant to electric shocks. (rElec)
You are resistant to unholy torment.
You are immune to petrification.


Message History

Casting: Scorch (safe; 2% risk of failure)
Confirm with . or Enter, or press ? or * to list all spells.
You conjure some foxfire!
The orc priest shouts!
The orc priest mumbles some strange prayers to Beogh against you.
Beogh smites you!
Casting: Foxfire (safe; 2% risk of failure)
Confirm with . or Enter, or press ? or * to list all spells.
You conjure some foxfire!
The foxfire hits the ogre.
The ogre is moderately wounded.
The foxfire hits the ogre.
The ogre is moderately wounded.
Casting: Foxfire (safe; 2% risk of failure)
Confirm with . or Enter, or press ? or * to list all spells.
You conjure some foxfire!
The foxfire hits the ogre.
The ogre is heavily wounded.
The foxfire hits the orc.
The orc is heavily wounded.
Casting: Foxfire (safe; 2% risk of failure)
Confirm with . or Enter, or press ? or * to list all spells.
You conjure some foxfire!
The foxfire hits the ogre.
The ogre is heavily wounded.
The foxfire hits the orc.
The orc is almost dead.
The foxfire hits the ogre.
The ogre is severely wounded.
The orc priest miscasts a cantrip.
Casting: Foxfire (safe; 2% risk of failure)
Confirm with . or Enter, or press ? or * to list all spells.
Flames lash the orc.
You kill the orc!
The foxfire hits the ogre.
The ogre is almost dead.
Unknown command.
The ogre hits you with a +0 giant spiked club!!
Ouch! That really hurt!
* * * LOW HITPOINT WARNING * * *
The orc priest mumbles some strange prayers to Beogh against you.
Beogh smites you!
You die...

........# ........#
#........# #........#
#........# # #........#
######...
#........#######........
#............@.Oo.).....
#........#######........
#.......# #..o.....
#.......# #........
#####.### #........ #.#
#######....?... #.#
#....###...####
#.###....# ...#
#####........#


You could see an ogre, an orc priest and an orc.

Vanquished Creatures
  Menkaure (D:4)
  Crazy Yiuf (D:4)
  3 jellies
  7 adders
  An ufetubus (D:4)
  A dart slug (D:3)
  7 orcs
  2 bats
  5 endoplasms
  7 giant cockroaches
  5 goblins
  12 hobgoblins
  2 jackals (D:1)
  11 kobolds
  2 quokkas
  4 ball pythons
  3 frilled lizards
  4 rats
78 creatures vanquished.

Vanquished Creatures (collateral kills)
  3 foxfires (D:3)
3 creatures vanquished.

Vanquished Creatures (others)
  203 foxfires
203 creatures vanquished.

Grand Total: 284 creatures vanquished

Notes
Turn   | Place    | Note
-------+----------+-------------------------------------------
     0 | D:1      | funkygono the Gargoyle Fire Elementalist began the quest
                  | for the Orb.
     0 | D:1      | Reached XP level 1. HP: 10/10 MP: 3/3
   191 | D:1      | Reached XP level 2. HP: 15/15 MP: 0/5
   534 | D:1      | Learned a level 2 spell: Scorch
   637 | D:1      | You fall into a shaft and drop 1 floor!
   989 | D:1      | Reached XP level 3. HP: 19/19 MP: 3/6
   993 | D:1      | Learned a level 3 spell: Kindle Blastsparks
  1674 | D:2      | Reached skill level 4 in Fire Magic
  1674 | D:2      | Reached XP level 4. HP: 24/24 MP: 1/7
  1817 | D:2      | Found a faded altar of an unknown god.
  2430 | D:3      | Reached XP level 5. HP: 28/28 MP: 1/9
  3166 | D:4      | Got Puuzeun's Essays on Quantum Infection
  3201 | D:4      | Learned a level 4 spell: Flame Wave
  3329 | D:4      | Noticed Menkaure
  3335 | D:4      | Killed Menkaure
  3336 | D:4      | Reached skill level 5 in Fire Magic
  3336 | D:4      | Reached XP level 6. HP: 32/32 MP: 3/11
  3584 | D:4      | Found a runed translucent door.
  3585 | D:4      | Noticed Crazy Yiuf
  3995 | D:4      | Killed Crazy Yiuf
  4055 | D:5      | Entered Level 5 of the Dungeon
  4169 | D:5      | Killed from afar by an orc priest

Illustrated notes

Levels and vault maps discovered:
D:1:      dpeg_arrival_concentric_ovals, layout_basic, serial_corexii_hall,
          corexii_hall_statues_x, corexii_hall_statues_l
D:2:      layout_basic, dreamdust_ecumenical_altar_hidden_monk_grotto
D:3:      layout_loops_ring, minmay_misc_feat_x, serial_bayou_pond_b,
          minmay_distorted
D:4:      layout_rooms, uniq_menkaure, uniq_crazy_yiuf_cottage
D:5:      layout_basic, uniq_pikel

Skill      XL: |  1  2  3  4  5  6 |
---------------+-------------------+-----
Conjurations   | 2 3 |  3.5
Fire Magic     | 4 5 |  5.2
Spellcasting   | 3 4 |  4.0
Maces & Flails | |  0.1
Dodging        | |  1.8
Stealth        | |  2.1

Action                     |  1- 3 |  4- 6 || total
---------------------------+-------+-------++-------
  Melee: Whip              |    15 |     2 ||    17
   Cast: Foxfire           |    46 |    81 ||   127
         Scorch            |     4 |    19 ||    23
    Use: Scroll            |       |    11 ||    11
 Armour: Robe              |     5 |     3 ||     8
  Dodge: Dodged            |    15 |     9 ||    24
  Block: Other             |       |     1 ||     1
         Reflection        |       |     1 ||     1

Table legend: (Time is in decaauts)
 A = Elapsed time spent in this place.
 B = Non-inter-level travel time spent in this place.
 C = Inter-level travel time spent in this place.
 D = Time resting spent in this place.
 E = Time spent auto-exploring this place.
 F = Levels seen in this place.
 G = Mean time per level.
                   A        B        C        D        E       F      G
               +--------+--------+--------+--------+--------+-----+--------+
         Total |   4175 |   4107 |     68 |      0 |   3575 |   5 |  835.0 |
       Dungeon |   4175 |   4107 |     68 |      0 |   3575 |   5 |  835.0 |
               +--------+--------+--------+--------+--------+-----+--------+

Top non-repeatable levels by time:
     D:1: 1161 daAuts
     D:3: 1109 daAuts
     D:4: 943 daAuts
     D:2: 847 daAuts
     D:5: 113 daAuts
